[Event "SAIF POWERTEC 45th BAN Ch 2019"]
[Site "Dhaka"]
[Date "2019.11.10"]
[Round "9.12"]
[White "Saiful Islam, Chowdhury"]
[Black "Hossain, Delwar"]
[Result "1-0"]
[ECO "B06"]
[WhiteElo "2159"]
[BlackElo "2092"]
[Annotator "NA"]
[PlyCount "151"]
[EventDate "2019.11.02"]
[EventType "swiss"]
[EventCountry "BAN"]
[SourceTitle "playchess.com"]
[Source "ChessBase"]
[SourceQuality "1"]
[TimeControl "40/5400+30:1800+30"]

1. e4 d6 2. d4 Nf6 3. Nc3 g6 4. Nge2 Bg7 5. f3 (5. g3 O-O 6. Bg2 e5 7. O-O Nc6 8. dxe5 dxe5 9. Bg5 Bg4 10. Qc1 Qc8 11. Re1 Re8 12. Nd5 Nd7 13. c3 f6 14. Be3 Nd8 15. h3 Be6 16. Kh2 c6 17. Nb4 Nf7 {½-½ (40) Durarbayli,V (2590)-Petrosian,T (2629) Warsaw 2014}) 5... Nc6 6. Be3 {[%emt 0:00:30] B06: Modern Defence} a6 7. Qd2 O-O 8. g4 e5 9. d5 Nb8 $146 ({Predecessor:} 9... Na5 10. Ng3 c5 11. dxc6 bxc6 12. Na4 Nb7 13. Nb6 Be6 14. Nxa8 Qxa8 {1-0 (29) Bauer,W-Brinkmann,W GER corr 1998}) 10. Ng3 Ne8 11. h4 f6 12. O-O-O Rf7 13. Bh3 a5 14. Bh6 Na6 15. Bxg7 Nxg7 16. Nce2 Nc5 17. Rh2 Bd7 18. Rdh1 Qe7 19. Bg2 Ne8 20. g5 fxg5 21. h5 Rg7 (21... gxh5 $1 $11 22. Rxh5 g4 23. fxg4 Nf6 24. Rg5+ Kh8) 22. hxg6 hxg6 23. Ng1 Qf6 24. Rh8+ Kf7 25. N3e2 Ke7 {[%emt 0:00:30] [#]} 26. Nh3 $1 Bxh3 27. Bxh3 ({But not} 27. R1xh3 $6 Kf7 $16) 27... Rf7 28. Bg4 Rf8 29. R8h7+ Ng7 30. R1h6 Rf7 31. b3 (31. Kb1 $18) 31... b6 32. a3 Ra7 $2 (32... Rg8 $16 33. Kb2 Nd7) 33. Kb2 Ne8 34. Rxf7+ Kxf7 {[%emt 0:00:30] [#]} 35. Bf5 $1 gxf5 36. Rxf6+ Kxf6 (36... Nxf6 {was necessary.} 37. Qxg5 fxe4) 37. Ng3 fxe4 38. fxe4 Kg6 (38... Ra8 $142 39. Qf2+ Ke7) 39. Qf2 Ng7 40. Nf5 Nxf5 41. Qxf5+ Kh6 42. b4 axb4 43. axb4 Na6 44. Qf8+ $2 (44. Qh3+ $18 Kg6 45. Qa3) 44... Kh5 {[%emt 0:00:30] [#]} 45. c3 $2 (45. Kb3 $1 $18) 45... g4 $1 46. Kc2 (46. Qf2 $16) 46... Kh4 47. Qh8+ Kg3 48. Qh1 Ra8 49. Kd3 Rf8 50. Qg1+ Kh4 51. Qh2+ Kg5 52. Kc4 Rf3 53. Kb5 Nb8 54. c4 Nd7 $2 (54... g3 $11 {and Black is okay.} 55. Qh7 Kf4) 55. Kc6 Nf6 56. Kxc7 Nxe4 57. Kxb6 g3 {[%emt 0:00:30] [#]} 58. Qg2 $2 ({Only move:} 58. Qh1 $1 $18 Kf4 59. c5) 58... Kf4 59. c5 Rf2 60. Qg1 dxc5 $1 61. bxc5 Rc2 $1 62. Qf1+ Kg5 $2 (62... Ke3 $11 {and Black is okay.}) 63. Qe1 $2 ({Only move:} 63. Qf3 $18 Nxc5 64. Qxg3+ {[%mdl 64] Double Attack} Kf6 65. Qf3+ Ke7 {[#]} 66. d6+ $1 Ke6 67. Kb5) 63... g2 $2 (63... Kf4 $11) 64. Qxe4 Rb2+ 65. Kc6 g1=Q 66. Qxe5+ {[%emt 0:00:30] Double Attack} Kh4 67. Qh8+ Kg3 68. Qg7+ Kf2 69. Qxb2+ Kf3 70. d6 Qg8 71. Qf6+ Kg2 72. d7 Qa8+ 73. Kd6 Qa6+ 74. Ke7 Qb7 75. c6 Qb4+ 76. Kf7 1-0